Map: Todesaura LE

Players

GunGFuBanDa - Winner!

  • Race: Protoss Protoss
  • League: Grandmaster
  • Spawn Location: 5:00

BratOK (Brat_OK)

  • Race: Terran Terran
  • League: Master
  • Spawn Location: 11:00

Event: DreamHack SC2 Masters 2020 Winter

VOD

Have the link to the VOD?

Description

Time

  • Played on: Oct. 18, 2020, 2:41 p.m.
  • Length: 7:08

All games in this series

Show
View Real Time Build Order
Export as new Build Order

GunGFuBanDa Protoss - Winner!

Build Orders: 1 Gate Expand, Oracle Opening 

Get SALT Encoding   

  12  0:00  Probe  
  13  0:12  Probe  
  14  0:18  Pylon  
  14  0:24  Probe (Chrono Boost)  
  15  0:37  Probe (Chrono Boost)  
  15  0:38  Gateway  
  16  0:44  Probe (Chrono Boost)  
  16  0:47  Assimilator  
  17  0:52  Probe  
  18  1:04  Probe  
  19  1:16  Probe  
  20  1:24  Cybernetics Core  
  20  1:35  Nexus  
  20  1:43  Probe  
  20  1:45  Assimilator  
  21  1:56  Pylon, Probe  
  21  2:00  Warp Gate  
  22  2:08  Probe  
  23  2:14  Adept (Chrono Boost)  
  25  2:22  Pylon  
  25  2:24  Probe  
  25  2:31  Stargate  
  25  2:37  Probe (Chrono Boost)  
  25  2:43  Adept (Chrono Boost)  
  28  2:48  Probe (Chrono Boost)  
  28  2:50  Probe (Chrono Boost)  
  30  2:57  Probe x2 (Chrono Boost)  
  32  3:01  Probe (Chrono Boost)  
  32  3:04  Probe  
  34  3:07  Adept  
  36  3:12  Oracle (Chrono Boost)  
  36  3:13  Probe  
  40  3:24  Probe  
  41  3:27  Probe  
  41  3:29  Gateway  
  42  3:36  Probe  
  42  3:39  Probe  
  44  3:42  Oracle  
  47  3:51  Probe (Chrono Boost)  
  47  3:56  Probe (Chrono Boost)  
  49  4:04  Nexus  
  49  4:06  Probe (Chrono Boost)  
  49  4:08  Probe (Chrono Boost), Sentry  
  52  4:10  Twilight Council  
  52  4:14  Probe  
  53  4:18  Pylon  
  53  4:19  Probe  
  53  4:21  Assimilator  
  54  4:31  Pylon  
  54  4:36  Probe x2  
  56  4:40  Blink (Chrono Boost)  
  56  4:44  Gateway  
  56  4:45  Gateway  
  56  4:48  Probe  
  57  4:58  Stalker x2  
  59  5:02  Shield Battery  
  55  5:12  Gateway  
  55  5:13  Shield Battery  
  55  5:18  Shield Battery, Probe x2  
  55  5:19  Pylon  
  57  5:21  Stalker x2  
  58  5:36  Probe  
  58  5:42  Stalker x2  
  63  5:43  Pylon  
  63  5:44  Probe  
  64  5:50  Stalker x2  
  64  5:54  Probe x2  
  64  5:56  Probe  
  68  6:08  Stalker x3  
  70  6:15  Pylon  
  70  6:16  Zealot  
  70  6:17  Pylon  
  70  6:23  Probe (Chrono Boost)  
  70  6:24  Probe (Chrono Boost)  
  68  6:27  Probe (Chrono Boost)  
  69  6:33  Robotics Facility  
  69  6:37  Stalker x4, Zealot  
  69  6:38  Probe (Chrono Boost)  
  69  6:39  Probe x2 (Chrono Boost)  
  82  6:45  Assimilator  
  82  6:46  Probe x2  
  84  6:48  Assimilator, Probe  
  84  6:54  Pylon  
  86  7:02  Pylon  
Show
View Real Time Build Order
Export as new Build Order

BratOK Terran 

Build Orders:  

Get SALT Encoding   

  12  0:00  SCV  
  13  0:12  SCV  
  14  0:17  Supply Depot  
  14  0:24  SCV  
  15  0:39  SCV  
  15  0:40  Barracks  
  16  0:43  Refinery  
  16  0:51  SCV  
  17  1:03  SCV  
  18  1:15  SCV  
  19  1:27  Barracks Reactor, Orbital Command  
  19  1:39  Command Center  
  19  1:47  Supply Depot  
  19  1:53  SCV  
  20  2:03  Marine  
  20  2:04  Marine  
  22  2:10  Factory  
  22  2:11  SCV  
  23  2:19  Refinery  
  23  2:22  Marine x2  
  25  2:25  SCV  
  26  2:37  SCV  
  26  2:38  Bunker  
  27  2:53  Orbital Command, Hellion  
  27  2:57  Starport  
  29  2:58  SCV  
  29  3:05  Marine x2  
  32  3:10  SCV  
  33  3:14  Factory Tech Lab  
  33  3:21  SCV  
  33  3:22  Marine  
  33  3:23  SCV, Marine  
  37  3:33  Cyclone  
  40  3:34  Viking  
  40  3:39  SCV  
  40  3:40  SCV  
  44  3:42  Supply Depot  
  44  3:51  Marine x2  
  46  3:57  Supply Depot  
  46  3:59  SCV  
  46  4:02  SCV  
  46  4:04  Viking  
  46  4:05  Siege Tank  
  51  4:11  SCV  
  51  4:12  Supply Depot  
  51  4:15  Marine x2  
  54  4:18  SCV  
  54  4:20  Supply Depot  
  54  4:23  SCV  
  56  4:30  SCV  
  57  4:33  Marine x2  
  57  4:34  Viking  
  57  4:35  SCV  
  62  4:41  Siege Tank  
  62  4:44  Engineering Bay  
  65  4:48  Supply Depot  
  65  4:51  Marine x2  
  67  4:54  SCV  
  66  5:00  SCV  
  66  5:07  SCV  
  68  5:08  Marine  
  68  5:09  Marine  
  70  5:16  Command Center  
  70  5:26  Marine  
  70  5:28  SCV, Barracks x2  
  69  5:36  Starport Tech Lab  
  69  5:37  SCV  
  69  5:38  Widow Mine  
  69  5:40  SCV  
  69  5:45  Supply Depot, Marine x2  
  69  5:49  SCV  
  72  5:53  SCV  
  73  6:01  SCV  
  70  6:05  SCV  
  66  6:14  Siege Tank  
  66  6:16  Barracks Tech Lab  
  63  6:18  Barracks  
  63  6:19  Barracks  
  63  6:21  SCV x2  
  63  6:22  Starport Reactor  
  63  6:23  Refinery x2  
  59  6:29  Missile Turret, Orbital Command  
  59  6:31  Missile Turret  
  54  6:34  Missile Turret  
  54  6:37  Marauder  
  54  6:38  Marine  
  54  6:39  Marine  
  58  6:49  Marine  
  58  6:51  SCV  
  58  6:52  SCV  
Tags
 
Add a new tag
Caveats
  • Supply blocks, unpowered buildings, or Contaminate may cause inaccurate times.
  • Supply counts are checked every 10 seconds.